 Dungeon Crawl Stone Soup version 0.25.1-2-g60ff931df9 (webtiles) character file.

Game seed: 1956240869190163768

163 GameOver the Conjurer (level 5, -2/42 HPs)
             Began as a Naga Wizard on Sept 6, 2020.
             Was an Initiate of Okawaru.
             Slain by a gnoll
             ... wielding a +0 spear
              (12 damage)
             ... on level 4 of the Dungeon.
             The game lasted 00:13:05 (2303 turns).

GameOver the Conjurer (Naga Wizard)                 Turns: 2303, Time: 00:13:06

Health: -2/42      AC:  3    Str:  9      XL:     5   Next: 44%
Magic:  2/9        EV: 10    Int: 19 (20) God:    Okawaru [......]
Gold:   123        SH:  0    Dex:  9      Spells: 1/10 levels left

rFire    . . .     SeeInvis +   w - +4 quarterstaff (chaos)
rCold    . . .     Gourm    .   (shield currently unavailable)
rNeg     . . .     Faith    .   a - +0 robe
rPois    +         Spirit   .   b - +0 hat
rElec    .         Reflect  .   q - +0 cloak (curse)
rCorr    .         Harm     .   (no gloves)
MR       .....                  (no barding)
Stlth    ++........             (no amulet)
HPRegen  0.14/turn              (no ring)
MPRegen  0.11/turn              (no ring)

@: very slightly contaminated, very slow
A: large, see invisible, deformed body, poison resistance, slowness 2, slow
metabolism 1, spit poison 1, AC +1
a: Spit Poison, Renounce Religion


You were on level 4 of the Dungeon.
You worshipped Okawaru.
Okawaru was noncommittal.
You were very hungry.

You visited 1 branch of the dungeon, and saw 4 of its levels.

You collected 123 gold pieces.

Inventory:

Hand Weapons
 s - a +0 trident
 w - a +4 quarterstaff of chaos (weapon)
Armour
 a - a +0 robe (worn)
 b - a +0 hat (worn)
 q - a cursed +0 cloak (worn)
Wands
 u - a wand of clouds (6)
Scrolls
 c - 2 scrolls of remove curse {unknown}
 f - 3 scrolls of teleportation
 g - a scroll of fear {unknown}
 j - 2 scrolls of identify {unknown}
 k - a scroll of immolation {unknown}
 o - 2 scrolls of amnesia {unknown}
 r - a scroll of blinking {unknown}
Potions
 e - a potion of curing
 h - a potion of haste {unknown}
 i - a potion of degeneration
 l - a potion of magic {unknown}
 m - a potion of brilliance {unknown}
 p - a potion of flight {unknown}
 t - a potion of ambrosia {unknown}
 v - a potion of might {unknown}
Comestibles
 d - 5 rations


   Skills:
 + Level 1.0 Staves
 - Level 1.5 Dodging
 - Level 3.0 Stealth
 - Level 3.0 Spellcasting
 * Level 4.5 Conjurations
   Level 1.0 Summonings
 - Level 1.0 Translocations
 + Level 2.4 Poison Magic


You had one spell level left.
You knew the following spells:

 Your Spells              Type           Power        Failure   Level  Hunger
a - Magic Dart            Conj           ###.         2%          1    None
b - Blink                 Tloc           N/A          16%         2    ##.....
d - Mephitic Cloud        Conj/Pois/Air  ##......     19%         3    ###....
f - Conjure Flame         Conj/Fire      ##......     19%         3    ###....

Your spell library contained the following spells:

 Spells                   Type           Power        Failure   Level  Hunger
 Call Imp                 Summ           #.......     16%         2    ##.....
 Slow                     Hex            #.......     22%         2    ##.....


Dungeon Overview and Level Annotations

Branches:
Dungeon (4/15)
 Temple: D:4-7

Altars:
Makhleb
Okawaru
Yredelemnul


Innate Abilities, Weirdness & Mutations

You cannot wear boots.
Your serpentine skin is tough. (AC +1)
You have supernaturally acute eyesight. (SInv)
Armour fits poorly on your strangely shaped body.
Your system is resistant to poisons. (rPois)
You cover ground very slowly.
You have a slow metabolism.
You can spit poison.


Message History

The gnoll barely misses the gnoll.
The gnoll misses you. The gnoll completely misses you.
The gnoll hits you from afar with a +0 spear.
Casting: Mephitic Cloud (quite dangerous; 19% risk of failure)
Confirm with . or Enter, or press ? or * to list all spells.
You don't have enough magic to cast that spell.
There are monsters nearby!
Press: ? - help, Shift-Dir - straight line, f - gnoll, p - gnoll
Aim: a gnoll, wielding a +0 flail (heavily wounded)
The splash of poison hits the gnoll!
The gnoll is poisoned.
You kill the gnoll!
Okawaru accepts your kill.
Your Staves skill increases to level 1!
You feel slightly more hungry. The gnoll barely misses you.
The gnoll hits you from afar with a +0 spear.
* * * LOW HITPOINT WARNING * * *
You have got your breath back.
The gnoll hits you but does no damage.
The gnoll hits you from afar with a +0 spear!
You die...

##########
#........#
#...<....#
#...@....#
#........#
####gg..##
#....# #...)#
##...##
###.g##
...##.(.#####
#............#


You could see 3 gnolls.

Vanquished Creatures
  Crazy Yiuf (D:2)
  A gnoll (D:4)
  3 adders
  2 oozes
  2 worms
  3 dart slugs
  4 leopard geckos
  10 orcs (D:3)
  2 ball pythons
  8 bats
  2 giant cockroaches
  4 goblins (D:1)
  6 hobgoblins
  A quokka (D:2)
  8 frilled lizards
  7 kobolds
  8 rats
72 creatures vanquished.

Notes
Turn   | Place    | Note
-------+----------+-------------------------------------------
     0 | D:1      | GameOver the Naga Wizard began the quest for the Orb.
     0 | D:1      | Reached XP level 1. HP: 15/15 MP: 4/4
   113 | D:1      | Reached skill level 2 in Conjurations
   113 | D:1      | Reached XP level 2. HP: 19/22 MP: 6/6
   659 | D:1      | Reached XP level 3. HP: 28/28 MP: 7/7
   663 | D:1      | Learned a level 2 spell: Blink
   667 | D:1      | Learned a level 3 spell: Mephitic Cloud
   814 | D:2      | Reached skill level 3 in Conjurations
   879 | D:2      | Found a basalt altar of Yredelemnul.
   904 | D:2      | Reached XP level 4. HP: 36/36 MP: 0/8
  1015 | D:2      | Reached skill level 1 in Poison Magic
  1034 | D:2      | Learned a level 3 spell: Conjure Flame
  1347 | D:2      | Found a runed translucent door.
  1348 | D:2      | Noticed Crazy Yiuf
  1376 | D:2      | Killed Crazy Yiuf
  1376 | D:2      | Reached skill level 4 in Conjurations
  1565 | D:2      | Found a burning altar of Makhleb.
  1657 | D:3      | Reached XP level 5. HP: 42/42 MP: 5/9
  1853 | D:3      | Found an iron altar of Okawaru.
  1860 | D:3      | Became a worshipper of Warmaster Okawaru
  2300 | D:4      | Reached skill level 1 in Staves
  2303 | D:4      | Slain by a gnoll

Illustrated notes

Levels and vault maps discovered:
D:1:      dpeg_arrival_erosion, layout_loops_corners
D:2:      lemuel_upstairs_altar, layout_loops_ring, yredelemnul_altar_generic,
          uniq_crazy_yiuf_cottage
D:3:      layout_loops_ring, marbit_many_paths, first_ration
D:4:      layout_rooms, kennysheep_path_1

Skill      XL: |  1  2  3  4  5 |
---------------+----------------+-----
Conjurations   | 2 3 4 |  4.5
Poison Magic   | 2 |  2.4
Staves         | 1 |  1.0
Dodging        | |  1.5
Stealth        | |  3.0
Spellcasting   | |  3.0
Summonings     | |  1.0
Translocations | |  1.0

Action                   |  1- 3 |  4- 6 || total
-------------------------+-------+-------++-------
Melee: Unarmed           |     1 |       ||     1
       Dagger            |     1 |       ||     1
       Quarterstaff      |       |    20 ||    20
 Cast: Magic Dart        |    38 |    29 ||    67
       Mephitic Cloud    |       |     3 ||     3
 Abil: Spit Poison       |    31 |    41 ||    72
  Use: Potion            |       |     3 ||     3
       Scroll            |       |     1 ||     1
  Eat: Chunk             |     1 |     6 ||     7
Armor: Robe              |     3 |    11 ||    14
Dodge: Dodged            |     6 |    35 ||    41
